cohdb
Replays
Latest Replays
All Replays
Popular Replays
Top Player Replays
Match Explorer
How It Works
Community
CoH3 Stats
Reddit
Sign in to upload your games and track your stats! →
Sign in with Steam
Match 43317446
Unlisted
Match 43317446
Overview
Messages
Build Orders
End
Kradschützen Motorcycle Team
Panzergrenadier Squad
Panzergrenadier Squad
Panzergrenadier Squad
Construct Light Support Kompanie
Fire Support Elements
Selects Italian Infantry
Flakvierling Half-track
Panzerjäger Mechanized Group
Pak 38 Anti-tank Gun Team
Selects Guastatori Squad
Construct Mechanized Kompanie
Marder III Tank Destroyer
Selects Sound the Alarm
Marder III Tank Destroyer
StuG III D Assault Gun
Selects Registered Artillery
Guastatori Squad
Selects Towed Cannone da 105/28 Field Howitzer
Marder III Tank Destroyer
Construct Panzerarmee Kommand
Armored Reserves
Selects Prepared Positions
Selects Obice 305mm Barrage
Obice 305mm Barrage
Basecoh3 @ Youtube
P3prime
Lukylife
Cool Whhip
0
0
Comments
sign in to comment!
No comments posted yet!